 Dungeon Crawl Stone Soup version 0.22-a0-448-g1fb7470 (webtiles) character file.

773 KristoblXynda the Slasher (level 7, -2/60 HPs)
             Began as a Naga Gladiator on June 4, 2018.
             Was an Elder of Cheibriados.
             Slain by an ogre
             ... wielding a +0 giant spiked club
              (16 damage)
             ... on level 5 of the Dungeon.
             The game lasted 00:09:21 (4853 turns).

KristoblXynda the Slasher (Naga Gladiator)          Turns: 4853, Time: 00:09:22

Health: -2/60      AC: 13    Str: 25    XL:     7   Next: 83%
Magic:  7/7        EV:  8    Int: 20    God:    Cheibriados [****..]
Gold:   204        SH:  0    Dex: 21    Spells: 6/6 levels left

rFire    . . .     SeeInvis +   a - +1 long sword
rCold    + . .     Gourm    .   (no shield)
rNeg     . . .     Faith    .   b - +1 chain mail {rC+}
rPois    +         Spirit   .   c - +1 helmet
rElec    .         Reflect  .   q - +2 cloak
rCorr    .         Harm     .   (no gloves)
MR       .....                  (no barding)
Stlth    +.........             (no amulet)
HPRegen  0.20/turn              (no ring)
MPRegen  0.10/turn              (no ring)

@: drained, very slow
A: large, see invisible, deformed body, poison resistance, slowness 2, slow
metabolism 1, spit poison 1, AC +2
a: Spit Poison, Bend Time, Temporal Distortion, Slouch, Renounce Religion


You were on level 5 of the Dungeon.
You worshipped Cheibriados.
Cheibriados was greatly pleased with you.
You were not hungry.

You visited 1 branch of the dungeon, and saw 5 of its levels.
You also visited: Sewer.

You collected 204 gold pieces.

Inventory:

Hand Weapons
 a - a +1 long sword (weapon)
Missiles
 d - 3 throwing nets (quivered)
Armour
 b - a +1 chain mail of cold resistance (worn)
 c - a +1 helmet (worn)
 o - a +0 shield
 q - a +2 cloak (worn)
Wands
 l - a wand of enslavement (10)
Scrolls
 e - a scroll of amnesia {unknown}
 h - a scroll of teleportation
 n - a scroll of enchant weapon
 p - a scroll of remove curse {unknown}
 t - a scroll of magic mapping
Potions
 g - a potion of brilliance {unknown}
 i - 2 potions of flight
 j - 2 potions of heal wounds {unknown}
 k - a potion of mutation {unknown}
 m - a potion of haste
 s - a potion of ambrosia {unknown}
Comestibles
 f - 12 rations


   Skills:
 - Level 2.0(1.9) Fighting
 * Level 6.7(6.6) Long Blades
 - Level 2.0(1.9) Throwing
 + Level 2.6(2.5) Armour
 - Level 3.0(2.9) Dodging
 + Level 6.1(6.0) Stealth


You had 6 spell levels left.
You didn't know any spells.
Your spell library was empty.

Dungeon Overview and Level Annotations

Branches:
Dungeon (5/15)
 Temple: D:4-7

Altars:
Cheibriados
Kikubaaqudgha
Ru


Innate Abilities, Weirdness & Mutations

You cannot wear boots.
Your serpentine skin is tough. (AC +2)
You have supernaturally acute eyesight. (SInv)
Armour fits poorly on your strangely shaped body.
Your system is resistant to poisons. (rPois)
You cover ground very slowly.
You have a slow metabolism.
You can spit poison.


Message History

You slash the ogre!
The ogre is severely wounded.
The jackal bites you but does no damage.
You hit the ogre.
The ogre is severely wounded.
The jackal barely misses you. The ogre barely misses you.
The jackal barely misses you.
You hit the ogre.
The ogre is almost dead.
The jackal completely misses you.
The ogre hits you with a giant spiked club!!
* * * LOW HITPOINT WARNING * * *
Okay, then.
Evoke which item? (* to show all) (? for menu, Esc to quit)
Okay, then.
You feel better.
You have got your breath back.
The jackal barely misses you. x2
The ogre hits you with a giant spiked club!
You die...

######### ........#
...<....########## ####
.................##...#
..########.......#....##.
##......##......@#.......
#........'......hO.......
#........#.......#.......
#........#.......#.......
##......##.....####...##.
##......######### ...#
#...............# .....
#...............+ .....
#........<......# .....


You could see an ogre and a jackal.

Vanquished Creatures
  A phantom (D:4)
  An ogre (D:4)
  A big kobold (Sewer)
  A scorpion (D:4)
  A howler monkey (D:4)
  A crimson imp (D:3)
  An orc priest (D:4)
  Crazy Yiuf (D:4)
  An iguana (D:5)
  Terence (D:3)
  Natasha (thrice) (D:3)
  5 adders
  7 gnolls
  An adder zombie (D:5)
  An adder skeleton (D:4)
  2 worms
  3 dart slugs
  3 leopard geckos
  5 orcs
  5 giant cockroaches
  8 goblins
  8 hobgoblins
  8 jackals
  4 quokkas
  5 ball pythons
  4 bats
  4 frilled lizards
  8 kobolds
  20 rats
  A fungus (D:4)
115 creatures vanquished.

Notes
Turn   | Place    | Note
-------+----------+-------------------------------------------
     0 | D:1      | KristoblXynda the Naga Gladiator began the quest for the Orb.
     0 | D:1      | Reached XP level 1. HP: 19/19 MP: 1/1
   105 | D:1      | Found a snail-covered altar of Cheibriados.
   130 | D:1      | Became a worshipper of Cheibriados the Contemplative
   180 | D:1      | Reached XP level 2. HP: 18/26 MP: 2/2
   816 | D:2      | Reached * piety under Cheibriados
   816 | D:2      | Reached skill level 1 in Stealth
   885 | D:2      | Reached XP level 3. HP: 31/32 MP: 3/3
  1384 | D:2      | Reached ** piety under Cheibriados
  1457 | D:2      | Reached XP level 4. HP: 39/39 MP: 4/4
  1948 | D:2      | Found a sacrificial altar of Ru.
  2330 | D:3      | Reached XP level 5. HP: 17/45 MP: 5/5
  2395 | D:3      | Found a glowing drain.
  2404 | Sewer    | Entered a sewer
  2408 | Sewer    | Reached *** piety under Cheibriados
  2822 | Sewer    | Noticed a big kobold
  2833 | Sewer    | Killed a big kobold
  2833 | Sewer    | Reached skill level 5 in Long Blades
  2833 | Sewer    | Reached skill level 1 in Armour
  2833 | Sewer    | Reached XP level 6. HP: 46/52 MP: 6/6
  2866 | Sewer    | Found a white marble altar of Elyvilon.
  2991 | D:3      | Noticed Natasha
  3019 | D:3      | Killed Natasha
  3068 | D:3      | Noticed Natasha
  3076 | D:3      | Killed Natasha
  3123 | D:3      | Noticed Natasha
  3131 | D:3      | Killed Natasha
  3356 | D:3      | Noticed Terence
  3367 | D:3      | Killed Terence
  3850 | D:4      | Reached skill level 5 in Stealth
  3850 | D:4      | Reached XP level 7. HP: 60/60 MP: 7/7
  3944 | D:4      | Reached **** piety under Cheibriados
  4380 | D:4      | Found an ancient bone altar of Kikubaaqudgha.
  4714 | D:4      | Found a runed door.
  4718 | D:4      | Noticed Crazy Yiuf
  4724 | D:4      | Killed Crazy Yiuf
  4783 | D:5      | Entered Level 5 of the Dungeon
  4853 | D:5      | Slain by an ogre

Vault maps used:
D:1:      elethiomel_arrival_maze, nrook_loot_triangle, hex_large,
          cheibriados_altar_1
D:2:      lemuel_coloured_pillars_altar, minmay_hexomino_c4
D:3:      portal_sewer_entry_d, first_ration, palyth_stone_intersect,
          uniq_natasha, uniq_terence
D:4:      lemuel_statue_altar, uniq_crazy_yiuf_cottage
D:5:      uniq_blork_the_orc, uniq_pikel, uniq_eustachio
Sewer:    sewer_kobolds

Skill      XL: |  1  2  3  4  5  6  7 |
---------------+----------------------+-----
Throwing       | 2 |  2.0
Stealth        | 1 2 3 5 6 |  6.1
Long Blades    | 4 5 6 |  6.7
Dodging        | 3 |  3.0
Armour         | 1 2 |  2.6
Fighting       | |  2.0

Action                   |  1- 3 |  4- 6 |  7- 9 || total
-------------------------+-------+-------+-------++-------
Melee: Long sword        |    89 |   170 |    75 ||   334
 Abil: Spit Poison       |     4 |    11 |     4 ||    19
  Use: Scroll            |       |     9 |       ||     9
       Potion            |       |     1 |     1 ||     2
 Stab: Sleeping          |     2 |       |       ||     2
  Eat: Chunk             |     1 |     5 |     2 ||     8
       Ration            |       |       |     1 ||     1
Armor: Leather armour    |    32 |       |       ||    32
       Chain mail        |    14 |   143 |    53 ||   210
       Ring mail         |     3 |       |       ||     3
Dodge: Dodged            |    61 |   101 |    42 ||   204
       Rpst.: Long sword |    17 |    26 |     8 ||    51

Table legend:
 A = Spawn XP
 B = Non-spawn XP
 C = Spawn XP percentage of total XP
 D = Spawn monster count
 E = Non-spawn monster count
 F = Spawn count percentage of total count
 G = Total turns spent on level
                    A         B        C        D         E        F      G
               +---------+---------+-------+---------+---------+-------+---------
         Total |       0 |    1105 |   0.0 |       0 |     114 |   0.0 |  4853
               +---------+---------+-------+---------+---------+-------+---------
           D:1 |       0 |      26 |   0.0 |       0 |      18 |   0.0 |   836
           D:2 |       0 |     132 |   0.0 |       0 |      33 |   0.0 |  1446
           D:3 |       0 |     257 |   0.0 |       0 |      28 |   0.0 |   826
           D:4 |       0 |     532 |   0.0 |       0 |      19 |   0.0 |  1134
           D:5 |       0 |      47 |   0.0 |       0 |       4 |   0.0 |    70
         Sewer |       0 |     111 |   0.0 |       0 |      12 |   0.0 |   541
               +---------+---------+-------+---------+---------+-------+---------
